 Dungeon Crawl Stone Soup version 0.25.1-8-g42b30a86e7 (webtiles) character file.

Game seed: 15774003310104213545

113 KamiKatze the Shield-Bearer (level 5, -1/41 HPs)
             Began as a Formicid Fighter on Dec 27, 2020.
             Killed from afar by Natasha (5 damage)
             ... with a magic dart
             ... on level 2 of the Dungeon.
             The game lasted 00:07:11 (1723 turns).

KamiKatze the Shield-Bearer (Formicid Fighter)      Turns: 1723, Time: 00:07:11

Health: -1/41      AC:  6    Str: 22    XL:     5   Next: 17%
Magic:  5/5        EV:  8    Int:  7    God:
Gold:   177        SH:  9    Dex: 10    Spells: 4/4 levels left

rFire    . . .     SeeInvis +   a - +0 war axe
rCold    . . .     Gourm    .   c - +0 kite shield
rNeg     . . .     Faith    .   b - +0 scale mail
rPois    .         Spirit   .   (helmet unavailable)
rElec    .         Reflect  .   (no cloak)
rCorr    .         Harm     .   (no gloves)
MR       .....                  (no boots)
Stlth    ..........             (no amulet)
HPRegen  0.13/turn              e - ring of teleportation (curse)
MPRegen  0.09/turn              (no ring)

@: no status effects
A: permanent stasis, dig shafts and tunnels, four strong arms, antennae 3
a: Dig, Shaft Self


You were on level 2 of the Dungeon.
You were not hungry.

You visited 1 branch of the dungeon, and saw 2 of its levels.

You collected 177 gold pieces.

Inventory:

Hand Weapons
 a - a +0 war axe (weapon)
Missiles
 j - 102 stones (quivered)
 k - 24 sling bullets
 m - 18 arrows
Armour
 b - a +0 scale mail (worn)
 c - a +0 kite shield (worn)
 q - a +0 plate armour
Jewellery
 e - a cursed ring of teleportation (left hand)
Scrolls
 g - 5 scrolls of remove curse {unknown}
 l - a scroll of enchant weapon {unknown}
 n - a scroll of immolation {unknown}
 p - a scroll of teleportation {unknown}
Potions
 d - a potion of might
 i - 2 potions of curing {unknown}
 o - 2 potions of magic {unknown}
Comestibles
 f - 2 rations
 h - a chunk of flesh


   Skills:
 + Level 3.6 Fighting
 * Level 2.9 Axes
 + Level 1.0 Throwing
 + Level 3.6 Armour
 + Level 0.8 Dodging
 - Level 1.1 Stealth
 * Level 4.4 Shields
 - Level 1.0 Unarmed Combat


You had 4 spell levels left.
You didn't know any spells.
Your spell library was empty.

Dungeon Overview and Level Annotations

Branches:
Dungeon (2/15)

Altars:

Annotations:
D:2 Natasha


Innate Abilities, Weirdness & Mutations

You cannot be hasted, slowed, berserked, paralysed or teleported.
You can dig through walls and to a lower floor.
Your four strong arms can wield two-handed weapons with a shield.
You have a pair of large antennae on your head. (SInv)


Message History

* * * LOW HITPOINT WARNING * * *
You barely miss Natasha.
Natasha is heavily wounded.
Natasha howls an incantation.
Natasha shimmers violently.
Natasha claws you but does no damage.
You barely miss Natasha.
Natasha is heavily wounded.
You block Natasha's attack. x2
You slash Natasha!
Natasha is almost dead.
Natasha casts a spell at you. The magic dart hits you!
* * * LOW HITPOINT WARNING * * *
You closely miss Natasha.
Natasha is almost dead.
You block Natasha's attack. Natasha casts a spell at you.
The magic dart hits you.
You die...

##......................
.....#########...#######
.#.#.#########...#
................)#
.#.#..#######....######
......# #.........###
...##.# #......?....
#####.# #.##.####.##
......# #. #@# .....
.###### #. #h##.#.#.##
..# #.......... .## ###
#.#####h#.#.## ## #..
... ... # #.# #.# #.!# #
#.# #.# ..# # #.# #.#
##. #### #.# #.# ..


You could see Natasha.

Vanquished Creatures
  5 adders (D:2)
  An ooze (D:1)
  3 worms (D:2)
  5 dart slugs
  2 leopard geckos (D:2)
  6 giant cockroaches
  6 goblins
  2 hobgoblins (D:2)
  A quokka (D:2)
  8 bats
  3 frilled lizards (D:2)
  4 kobolds (D:2)
  3 rats
49 creatures vanquished.

Notes
Turn   | Place    | Note
-------+----------+-------------------------------------------
     0 | D:1      | KamiKatze the Formicid Fighter began the quest for the Orb.
     0 | D:1      | Reached XP level 1. HP: 18/18 MP: 1/1
   224 | D:1      | Reached XP level 2. HP: 22/24 MP: 2/2
   591 | D:2      | Reached XP level 3. HP: 28/29 MP: 3/3
   646 | D:2      | Reached skill level 4 in Shields
   702 | D:2      | Reached skill level 1 in Stealth
   702 | D:2      | Reached XP level 4. HP: 17/35 MP: 4/4
   735 | D:2      | Reached skill level 1 in Unarmed Combat
  1234 | D:2      | Reached skill level 1 in Throwing
  1421 | D:2      | Reached XP level 5. HP: 31/41 MP: 5/5
  1431 | D:2      | Noticed a sky beast
  1702 | D:2      | Noticed Natasha
  1723 | D:2      | Killed from afar by Natasha

Illustrated notes

Levels and vault maps discovered:
D:1:      minmay_arrival_diagonal_passages, layout_loops_ring,
          minmay_misc_feat_hallway, minmay_misc_feat_pillars,
          minmay_tetromino_o4
D:2:      layout_loops_ring, hangedman_decor_push, minmay_between,
          uniq_crazy_yiuf_cottage, uniq_natasha

Skill      XL: |  1  2  3  4 |
---------------+-------------+-----
Shields        | 4 |  4.4
Stealth        | 1 |  1.1
Unarmed Combat | 1 |  1.0
Throwing       | 1 |  1.0
Fighting       | |  3.6
Axes           | |  2.9
Armour         | |  3.6
Dodging        | |  0.8

Action                   |  1- 3 |  4- 6 || total
-------------------------+-------+-------++-------
Melee: War axe           |    61 |   118 ||   179
Throw: Stone             |       |     9 ||     9
  Eat: Chunk             |       |     3 ||     3
Armor: Scale mail        |    27 |    43 ||    70
Dodge: Dodged            |    20 |    31 ||    51
Block: Kite shield       |    30 |    55 ||    85
